 Dungeon Crawl Stone Soup version 0.23-a0-489-g205b0b61ae (webtiles) character file.

942 Manul the Sneak (level 7, -5/52 HPs)
             Began as a Demonspawn Assassin on Dec 1, 2018.
             Slain by an iguana (9 damage)
             ... on level 4 of the Dungeon on Dec 2, 2018.
             The game lasted 00:08:06 (4941 turns).

Manul the Sneak (Demonspawn Assassin)               Turns: 4941, Time: 00:08:07

Health: -5/52      AC:  7    Str: 14    XL:     7   Next: 88%
Magic:  16/16      EV: 13    Int: 15    God:
Gold:   161        SH:  0    Dex: 17    Spells: 6/6 levels left

rFire    x . .     SeeInvis .   b - +0 blowgun
rCold    + . .     Gourm    .   (no shield)
rNeg     + . .     Faith    .   h - +2 robe {MR+}
rPois    .         Spirit   .   (helmet restricted)
rElec    .         Reflect  .   d - +1 cloak
rCorr    .         Harm     .   (no gloves)
MR       +....                  x - +0 pair of boots "Metapheb" {rN+ MP+9 Int+3} (curse)
Stlth    ++++......             (no amulet)
HPRegen  0.17/turn              p - ring of ice
MPRegen  0.15/turn              m - +3 ring of strength

@: no status effects
A: horns 1, spiny 1, rot immunity
a: no special abilities


You were on level 4 of the Dungeon.
You were hungry.

You visited 1 branch of the dungeon, and saw 6 of its levels.

You collected 161 gold pieces.

Inventory:

Hand Weapons
 a - a +3 dagger
 b - a +0 blowgun (weapon)
 u - a +0 dagger of chaos
Missiles
 e - 18 poisoned needles (quivered)
Armour
 c - a +0 robe
 d - a +1 cloak (worn)
 h - a +2 robe of magic resistance (worn)
 j - a +3 scale mail of positive energy
 x - the cursed +0 pair of boots "Metapheb" (worn) {rN+ MP+9 Int+3}
   (You found it on level 4 of the Dungeon)

   It affects your intelligence (+3).
   It protects you from negative energy.
   It affects your magic capacity (+9).
   It has a curse placed upon it.
Jewellery
 m - a +3 ring of strength (right hand)
 p - a ring of ice (left hand)
Wands
 w - a wand of polymorph (10)
Scrolls
 i - a scroll of amnesia {unknown}
 l - a scroll of remove curse {unknown}
 n - a scroll of identify
 o - 2 scrolls of teleportation
 s - a scroll of magic mapping
Comestibles
 g - 11 rations


   Skills:
 + Level 3.3 Fighting
 + Level 4.3 Short Blades
 - Level 2.0 Throwing
 * Level 1.3 Armour
 + Level 2.9 Dodging
 * Level 7.2 Stealth


You had 6 spell levels left.
You didn't know any spells.
Your spell library was empty.

Dungeon Overview and Level Annotations

Branches:
Dungeon (6/15)
 Temple: D:4-7

Altars:
Elyvilon
Kikubaaqudgha
Okawaru
Sif Muna
Trog
Uskayaw
Wu Jian
Xom
Zin

Shops:
D:4 **   D:5 %

Annotations:
D:3 Sigmund
D:4 Eustachio
D:5 2 runed doors, xoxolimbo's ghost, novice DDEE


Innate Abilities, Weirdness & Mutations

You have a pair of small horns on your head.
You are partially covered in sharp spines.
You are immune to rotting.


Message History

Okay, then.
That item cannot be evoked!
Wield which item (- for none, * to show all)? (? for menu, Esc to quit)
b - a +0 blowgun (weapon)
You aren't carrying any potions.
Unknown command.
Sorry, you're not good enough to have a special ability.
Firing (i - inventory)
e - 20 poisoned needles (quivered)
Press: ? - help, Shift-Dir - straight line, f - iguana
Aim: an iguana You shoot a poisoned needle.
The poisoned needle closely misses the iguana.
The iguana bites you!
* * * LOW HITPOINT WARNING * * *
Firing (i - inventory)
e - 19 poisoned needles (quivered)
Press: ? - help, Shift-Dir - straight line, f/p - iguana
Aim: an iguana You shoot a poisoned needle.
The poisoned needle hits the iguana.
The iguana is poisoned.
The iguana bites you!
You die...

.#.#.....#.# #...# ##....
##.###...#.# #(### #.#.#
#...###.##.#####.# #.#(#
#...###.##.......## #########...#
.....##...........###.....<.....#
.....###.#####.....##.####.###.##
..8....###..#.......#.####.###.##
..#......###....l.....[..........
8###8....._###..@.(..#####.###.#.
..#......### #.....#.####...##.#.
..8....### #....##)..........#.
.....### ###........###...####.
.....# #.....###.## ##.## #.
#...### #.##### #.#####.# #.
#...#.# #.#######....##.#####.
##.##.######.#...................
.#_#...........######.#.#########


You could see an iguana.

Vanquished Creatures
  2 ogres
  A scorpion (D:5)
  A howler monkey (D:4)
  6 crimson imps
  3 hounds
  An orc priest (D:4)
  Terence (D:3)
  An iguana (D:4)
  2 orc wizards
  2 worker ants (D:4)
  A worker ant zombie (D:6)
  3 gnolls (D:6)
  8 adders
  2 oozes
  An adder zombie (D:5)
  2 adder skeletons
  2 dart slugs
  4 leopard geckos
  7 orcs
  6 bats
  3 giant cockroaches
  4 goblins
  6 hobgoblins
  A jackal (D:5)
  3 kobolds
  4 quokkas
  2 frilled lizards
  A quokka skeleton (D:5)
  6 rats
86 creatures vanquished.

Notes
Turn   | Place    | Note
-------+----------+-------------------------------------------
     0 | D:1      | Manul the Demonspawn Assassin began the quest for the Orb.
     0 | D:1      | Reached XP level 1. HP: 16/16 MP: 1/1
   169 | D:1      | Reached skill level 4 in Stealth
   288 | D:1      | Gained mutation: You have a pair of small horns on your
                  | head. [demonic ancestry]
   288 | D:1      | Reached XP level 2. HP: 21/22 MP: 2/2
   355 | D:1      | Reached skill level 1 in Dodging
  1034 | D:1      | Gained mutation: You are immune to rotting. [demonic
                  | ancestry]
  1034 | D:1      | Reached XP level 3. HP: 11/27 MP: 3/3
  1292 | D:2      | Reached XP level 4. HP: 22/33 MP: 4/4
  1598 | D:2      | Found an ancient bone altar of Kikubaaqudgha.
  1805 | D:3      | Found a shimmering altar of Xom.
  1823 | D:3      | Reached skill level 5 in Stealth
  1894 | D:3      | Noticed Sigmund
  2241 | D:3      | Reached XP level 5. HP: 38/39 MP: 5/5
  2267 | D:3      | Noticed Terence
  2369 | D:3      | Killed Terence
  2549 | D:3      | Gained mutation: You are partially covered in sharp spines.
                  | [demonic ancestry]
  2549 | D:3      | Reached XP level 6. HP: 46/46 MP: 6/6
  2644 | D:4      | Reached skill level 6 in Stealth
  2684 | D:4      | Found Niamm's Elemental Accessories.
  3034 | D:4      | Reached XP level 7. HP: 14/52 MP: 7/7
  3389 | D:4      | Got a pair of distressingly furry boots
  3395 | D:4      | Identified the cursed +0 pair of boots "Metapheb" {rN+ MP+9
                  | Int+3} (You found it on level 4 of the Dungeon)
  3489 | D:4      | Found a white marble altar of Elyvilon.
  3493 | D:4      | Found a hide-covered altar of Uskayaw.
  3498 | D:4      | Found an iron altar of Okawaru.
  3527 | D:4      | Noticed Eustachio
  3530 | D:4      | Found a bloodstained altar of Trog.
  3950 | D:4      | Found Tejachix's Assorted Antiques.
  4097 | D:5      | Entered Level 5 of the Dungeon
  4153 | D:5      | Found a large runed door.
  4153 | D:5      | Found a large runed door.
  4160 | D:5      | Noticed xoxolimbo's ghost (novice DDEE)
  4200 | D:5      | Found a runed door.
  4262 | D:5      | Found a deep blue altar of Sif Muna.
  4403 | D:5      | Found Usoerch's Food Shoppe.
  4477 | D:5      | Found a runed door.
  4496 | D:5      | Reached skill level 1 in Armour
  4496 | D:5      | Reached skill level 7 in Stealth
  4545 | D:5      | Found an ornate altar of the Wu Jian Council.
  4699 | D:5      | Noticed an angel
  4700 | D:5      | Found a glowing silver altar of Zin.
  4939 | D:4      | Upgraded the game from 0.23-a0-487-gc6253629db to
                  | 0.23-a0-489-g205b0b61ae
  4941 | D:4      | Slain by an iguana

Vault maps used:
D:1:      ebering_trefoil_twist
D:2:      kiku_gazebo_garden_becter
D:3:      led_xom_imps, uniq_terence, uniq_sigmund, uniq_robin
D:4:      lemuel_round_altar, minmay_overflow_temple_star_quad, serial_shops,
          nicolae_shop_behind_doors, nicolae_elemental_shop, serial_park_tiny_1,
          uniq_eustachio
D:5:      lemuel_insect_pit, marbit_many_paths, kennysheep_mini, zin_angel,
          first_ration, ebering_ghost_disaster_area, serial_shops,
          nicolae_shop_behind_doors, minmay_misc_feat_roman
D:6:      minmay_temple_entry_wispy, serial_undead, serial_undead_e,
          serial_undead_d, serial_undead_a, serial_undead_d, amethyst_killhole

Skill      XL: |  1  2  3  4  5  6  7 |
---------------+----------------------+-----
Stealth        | 4 5 6 7 |  7.2
Dodging        | 1 2 |  2.9
Short Blades   | 2 3 4 |  4.3
Throwing       | 2 |  2.0
Fighting       | 3 |  3.3
Armour         | 1 |  1.3

Action                   |  1- 3 |  4- 6 |  7- 9 || total
-------------------------+-------+-------+-------++-------
Melee: Dagger            |    58 |   136 |    83 ||   277
       Headbutt          |     3 |    26 |    17 ||    46
 Fire: Blowgun           |     4 |     1 |    10 ||    15
  Use: Scroll            |       |     4 |     1 ||     5
       Potion            |       |     2 |     6 ||     8
 Stab: Sleeping          |     4 |     7 |     4 ||    15
  Eat: Chunk             |       |     7 |     5 ||    12
Armor: Robe              |    25 |    41 |    34 ||   100
Dodge: Dodged            |    39 |    62 |    46 ||   147

Table legend:
 A = Non-vault XP
 B = Vault XP
 C = Vault XP percentage of total XP
 D = Non-vault monster count
 E = Vault monster count
 F = Vault count percentage of total count
                 A         B        C        D         E       F
            +---------+---------+-------+---------+---------+-------
      Total |    1095 |     252 |  18.7 |      79 |       7 |   8.1
            +---------+---------+-------+---------+---------+-------
        D:1 |      66 |       0 |   0.0 |      14 |       0 |   0.0
        D:2 |      70 |       0 |   0.0 |      16 |       0 |   0.0
        D:3 |      60 |     234 |  79.6 |      10 |       5 |  33.3
        D:4 |     438 |       0 |   0.0 |      20 |       0 |   0.0
        D:5 |     417 |       2 |   0.5 |      15 |       1 |   6.2
        D:6 |      44 |      16 |  26.7 |       4 |       1 |  20.0
            +---------+---------+-------+---------+---------+-------
